 Dungeon Crawl Stone Soup version 0.21.1-1-g345015f (webtiles) character file.

970 sking99 the Fortune-Teller (level 7, 0/36 HPs)
             Began as a Deep Elf Fire Elementalist on June 24, 2018.
             Was a Believer of Nemelex Xobeh.
             Slain by a killer bee (3 damage)
             ... summoned by the player character
             ... on level 5 of the Dungeon.
             The game lasted 00:21:14 (6748 turns).

sking99 the Fortune-Teller (DEFE)                   Turns: 6748, Time: 00:21:15

Health: 0/36       AC:  2    Str:  5    XL:     7   Next: 94%
Magic:  24/24      EV: 13    Int: 22    God:    Nemelex Xobeh [**....]
Gold:   185        SH:  5    Dex: 15    Spells: 4/14 levels left

rFire    . . .     SeeInvis .   h - +1 spear
rCold    . . .     Gourm    .   o - +0 buckler
rNeg     . . .     Faith    .   a - +0 robe
rPois    .         Spirit   .   (no helmet)
rElec    .         Reflect  .   (no cloak)
rCorr    .         Harm     .   (no gloves)
MR       .....                  (no boots)
Stlth    ++........             (no amulet)
HPRegen  0.12/turn              s - ring of magical power
MPRegen  0.19/turn              (no ring)

@: no status effects
A: no striking features
a: Renounce Religion


You were on level 5 of the Dungeon.
You worshipped Nemelex Xobeh.
Nemelex Xobeh was pleased with you.
You were not hungry.

You visited 1 branch of the dungeon, and saw 5 of its levels.
You also visited: Ossuary.

You collected 185 gold pieces.

Inventory:

Hand Weapons
 h - a +1 spear (weapon)
Missiles
 e - a throwing net (quivered)
Armour
 a - a +0 robe (worn)
 f - a scarf of spirit shield
 g - a +0 shield
 o - a +0 buckler (worn)
Jewellery
 s - a ring of magical power (left hand)
Wands
 D - a wand of polymorph (17)
Scrolls
 d - 7 scrolls of remove curse
 l - 2 scrolls of immolation
 n - a scroll of amnesia
 w - 2 scrolls of enchant weapon
 x - 2 scrolls of teleportation
 C - 2 scrolls of enchant armour {unknown}
Potions
 j - 2 potions of lignification
 k - 4 potions of curing
 m - a potion of haste {unknown}
 p - a potion of ambrosia {unknown}
 r - 2 potions of magic
 t - 2 potions of mutation {unknown}
 u - 2 potions of flight {unknown}
 v - a potion of brilliance {unknown}
 z - a potion of resistance
 A - 3 potions of degeneration {unknown}
 B - 3 potions of agility {unknown}
Books
 b - a book of Flames

   Spells                             Type                      Level
   a - Flame Tongue                   Conjuration/Fire             1
   b - Throw Flame                    Conjuration/Fire             2
   c - Conjure Flame                  Conjuration/Fire             3
   d - Inner Flame                    Hexes/Fire                   3
   e - Sticky Flame                   Conjuration/Fire             4
   f - Fireball                       Conjuration/Fire             5
Miscellaneous
 i - a plain deck of destruction {drawn: 2}
 q - a plain deck of summoning {drawn: 4}
 y - a plain deck of destruction
Comestibles
 c - 7 rations


   Skills:
 - Level 2.4 Dodging
 - Level 2.4 Stealth
 - Level 4.3 Shields
 + Level 4.3 Spellcasting
 + Level 4.5 Conjurations
 + Level 4.5 Fire Magic
 * Level 4.8 Invocations


You had 4 spell levels left.
You knew the following spells:

 Your Spells              Type           Power        Failure   Level  Hunger
a - Flame Tongue          Conj/Fire      ###..        1%          1    None
b - Throw Flame           Conj/Fire      ###...       2%          2    #......
c - Conjure Flame         Conj/Fire      ###.....     4%          3    ##.....
d - Sticky Flame          Conj/Fire      ###.....     17%         4    ####...


Dungeon Overview and Level Annotations

Branches:
Dungeon (5/15)             Temple (0/1) D:4

Altars:
Ashenzari
Dithmenos
Elyvilon
Fedhas
Hepliaklqana
Nemelex Xobeh
Qazlal
Sif Muna
Uskayaw
Xom


Message History

Okay, then.
You feel better. The killer bee stings you.
Your killer bee stings the orc.
Your killer bee stings the orc!
The orc dies!
The orc hits your killer bee. The crimson imp barely misses you.
A tomahawk appears from out of your range of vision.
The tomahawk barely misses your killer bee.
Something closely misses your killer bee.
The killer bee barely misses you.
Your killer bee misses the orc.
Evoke which item? (* to show all) (? for menu, Esc to quit)
You draw a card...
It is the Rangers.
Your killer bee stings the orc.
The killer bee stings you!
* * * LOW HITPOINT WARNING * * *
Your killer bee stings the orc.
The orc dies!
The crimson imp hits you.
* * * LOW HITPOINT WARNING * * *
The killer bee stings you.
You die...
Your body disappears without a glow.

#####.....# ..####.###
#.# #.# #.# #.# #.#
#.######## #.
#.####(........
#.#####.c.y.y.....##.
#.#.......5{.....[...
#.#.###.#.@yc..##.##.
#.#.# #.#.###..# #
#.#.# #ยง#.# #..#
######.#.# #.#.###..#
.........###.........
######.......#.###..##
########...##..#
....... ...##.#


You could see a killer bee, a crimson imp, 2 friendly yaktaurs and 2 friendly
killer bees.

Vanquished Creatures
  An ice beast (D:5)
  An ogre (D:5)
  A centaur skeleton (D:5)
  2 orc priests (D:5)
  5 orc wizards
  A worker ant (D:4)
  3 mummies (Ossuary)
  7 adders
  An ooze (D:3)
  2 adder zombies (Ossuary)
  4 worms
  2 dart slugs
  3 leopard geckos
  16 orcs
  9 bats
  4 giant cockroaches
  11 goblins
  7 hobgoblins
  11 jackals
  A quokka (D:2)
  7 frilled lizards
  6 goblin zombies (Ossuary)
  7 kobolds
  3 kobold zombies (Ossuary)
  6 quokka zombies (Ossuary)
  2 rats
  A rat zombie (Ossuary)
124 creatures vanquished.

Vanquished Creatures (collateral kills)
  The ghost of RottenKnight the Caller, a novice MfSu of Sif Muna (D:4)
  Eustachio (D:4)
  A worker ant zombie (D:4)
  2 orcs (D:5)
  2 jackals (D:3)
  A ball python (D:3)
8 creatures vanquished.

Grand Total: 132 creatures vanquished

Notes
Turn   | Place    | Note
-------+----------+-------------------------------------------
     0 | D:1      | sking99 the Deep Elf Fire Elementalist began the quest for the Orb.
     0 | D:1      | Reached XP level 1. HP: 10/10 MP: 6/6
   175 | D:1      | Reached XP level 2. HP: 15/15 MP: 2/8
   273 | D:1      | Learned a level 2 spell: Throw Flame
   763 | D:1      | Reached XP level 3. HP: 19/19 MP: 5/10
   886 | D:1      | Learned a level 3 spell: Conjure Flame
  1373 | D:2      | Found a shimmering altar of Xom.
  1392 | D:2      | Found a burning altar of Makhleb.
  1392 | D:2      | Found a white marble altar of Elyvilon.
  1394 | D:2      | Found a stormy altar of Qazlal.
  1394 | D:2      | Found a blossoming altar of Fedhas.
  1394 | D:2      | Found a shadowy altar of Dithmenos.
  1836 | D:2      | Reached XP level 4. HP: 24/24 MP: 8/11
  1930 | D:2      | Found a sparkling altar of Nemelex Xobeh.
  1934 | D:2      | Became a worshipper of Nemelex Xobeh the Trickster
  2341 | D:2      | Received a gift from Nemelex Xobeh
  2574 | D:2      | Reached skill level 1 in Shields
  2890 | D:3      | Learned a level 4 spell: Sticky Flame
  2899 | D:3      | Found a shattered altar of Ashenzari.
  3447 | D:3      | Reached XP level 5. HP: 28/28 MP: 8/13
  3709 | D:3      | Reached * piety under Nemelex Xobeh
  3948 | D:3      | Received a gift from Nemelex Xobeh
  4251 | D:3      | Found a deep blue altar of Sif Muna.
  4518 | D:3      | Found a hazy altar of Hepliaklqana.
  4519 | D:3      | Found a hide-covered altar of Uskayaw.
  4711 | D:4      | Noticed RottenKnight's ghost (novice MfSu)
  4995 | D:4      | Killed RottenKnight's ghost
  4995 | D:4      | Reached XP level 6. HP: 29/32 MP: 14/14
  5041 | D:4      | Reached skill level 1 in Invocations
  5042 | D:4      | Noticed Eustachio
  5044 | D:4      | Killed Eustachio
  5044 | D:4      | Reached XP level 7. HP: 26/36 MP: 15/15
  5162 | D:4      | Received a gift from Nemelex Xobeh
  5266 | D:4      | Found a sand-covered staircase.
  5275 | Ossuary  | Entered an ossuary
  5911 | D:4      | Found a staircase to the Ecumenical Temple.
  5982 | D:4      | Reached ** piety under Nemelex Xobeh
  6170 | D:5      | Entered Level 5 of the Dungeon
  6748 | D:5      | Slain by a killer bee

Skill      XL: |  1  2  3  4  5  6  7 |
---------------+----------------------+-----
Conjurations   | 2 3 4 |  4.5
Spellcasting   | 4 |  4.3
Fire Magic     | 4 |  4.5
Shields        | 1 4 |  4.3
Invocations    | 2 4 |  4.8
Dodging        | |  2.4
Stealth        | |  2.4

Action                   |  1- 3 |  4- 6 |  7- 9 || total
-------------------------+-------+-------+-------++-------
Melee: Spear             |       |     3 |    29 ||    32
 Cast: Flame Tongue      |    43 |    56 |    73 ||   172
       Throw Flame       |    25 |    50 |    41 ||   116
       Conjure Flame     |     1 |     1 |     1 ||     3
Evoke: Deck              |       |     3 |     3 ||     6
  Use: Scroll            |       |     6 |     2 ||     8
       Potion            |       |       |     1 ||     1
  Eat: Chunk             |     3 |    10 |     3 ||    16
       Ration            |       |       |     1 ||     1
Armor: Robe              |     5 |    28 |     4 ||    37
Dodge: Dodged            |    13 |    53 |    27 ||    93
Block: Buckler           |       |    14 |    15 ||    29
